 Dungeon Crawl Stone Soup version 0.29.1-15-g9cfb28693d (webtiles) character file.

Game seed: 15822430865001550511

19315 Descartes the Peltast (level 13, -8/91 HPs)
             Began as a Formicid Fighter on Mar 7, 2023.
             Was an Initiate of Gozag.
             Mangled by a five-headed hydra (12 damage)
             ... on level 12 of the Dungeon.
             The game lasted 00:21:41 (14279 turns).

Descartes the Peltast (Formicid Fighter)           Turns: 14279, Time: 00:21:41

Health: -8/91      AC: 14    Str: 26    XL:     13   Next: 3%
Magic:  13/13      EV: 12    Int:  8    God:    Gozag
Gold:   1184       SH: 23    Dex: 13    Spells: 12/12 levels left

rFire   + . .      SeeInvis +   W - +4 morningstar
rCold   + . .      Faith    .   a - +0 tower shield
rNeg    . . .      Spirit   .   U - +3 scale mail
rPois   .          Reflect  +   (helmet unavailable)
rElec   .          Harm     .   C - scarf {rC+ rF+}
rCorr   .          Rampage  .   (no gloves)
Will    +....                   q - +0 pair of boots
Stlth   ..........              v - amulet of reflection
HPRegen 0.25/turn               g - +4 ring of evasion
MPRegen 0.13/turn               y - +4 ring of slaying

@: no status effects
A: permanent stasis, dig shafts and tunnels, antennae 3, four strong arms
a: Dig, Shaft Self, Renounce Religion, Potion Petition, Call Merchant, Bribe
Branch


You were on level 12 of the Dungeon.
You worshipped Gozag.
Gozag was most pleased with you.
You visited 2 branches of the dungeon, and saw 13 of its levels.
You also visited: Ossuary.

You collected 1712 gold pieces.
You paid 528 gold pieces to Gozag.

Inventory:

Hand Weapons
 H - a +1 whip of electrocution
 L - a +2 flail of draining
 M - the +6 long sword of the Tired Stars {freeze, *Rage rElec rN+}
   (You found it on level 5 of the Dungeon)

   It freezes those it strikes, dealing additional cold damage.
   It can also slow down cold-blooded creatures.
   rElec:     It insulates you from electricity.
   rN:        It protects you from negative energy.
   *Rage:     It berserks you when you make melee attacks (+20% chance).
 P - a +2 flail of freezing
 S - a +0 battleaxe of distortion
 W - a +4 morningstar (weapon)
 X - the +7 halberd of Vaut {elec, Stlth+}
   (You found it on level 10 of the Dungeon)

   It occasionally discharges a powerful burst of electricity upon striking a
   foe.
   Stlth:     It makes you more stealthy.
Missiles
 w - 8 javelins
 z - 39 poisoned darts
 I - 8 boomerangs
 K - 3 silver boomerangs
 R - 2 curare-tipped darts
Armour
 a - a +0 tower shield (worn)
 q - a +0 pair of boots (worn)
 x - a +2 cloak
 C - a scarf of resistance (worn)
 U - a +3 scale mail (worn)
Jewellery
 e - a ring of protection from fire
 g - a +4 ring of evasion (left hand)
 v - an amulet of reflection (around neck)
 y - a +4 ring of slaying (right hand)
 J - a ring of magical power
 Q - a +4 ring of evasion
 V - a ring of willpower
 Y - a ring of poison resistance
Wands
 t - a wand of roots (32)
 N - a wand of digging (5)
 T - a wand of flame (15)
Scrolls
 b - 3 scrolls of fog {unknown}
 c - a scroll of fear {unknown}
 f - 2 scrolls of vulnerability
 i - 8 scrolls of blinking
 k - 2 scrolls of enchant armour
 l - 2 scrolls of summoning
 p - 6 scrolls of teleportation
 r - 2 scrolls of enchant weapon {unknown}
 s - 14 scrolls of identify
 D - 6 scrolls of magic mapping {unknown}
 E - 2 scrolls of immolation
 F - 2 scrolls of noise
Potions
 d - 5 potions of might
 h - a potion of degeneration {unknown}
 j - 3 potions of haste {unknown}
 m - a potion of attraction {unknown}
 n - 3 potions of flight {unknown}
 o - 6 potions of mutation {unknown}
 u - 4 potions of heal wounds {unknown}
 A - a potion of ambrosia {unknown}
 B - 3 potions of cancellation {unknown}
 G - 9 potions of curing {unknown}
 O - 2 potions of magic {unknown}


   Skills:
 - Level 5.0 Fighting
 + Level 9.3 Long Blades
 - Level 7.0(7.6) Axes
 + Level 0.0(4.2) Maces & Flails
 + Level 4.4(6.4) Polearms
 + Level 12.9 Armour
 + Level 15.2 Shields


You had 12 spell levels left.
You didn't know any spells.
Your spell library contained the following spells:

 Spells                   Type           Power      Damage    Failure   Level
 Beastly Appendage        Tmut           0%         N/A       91%         1
 Freeze                   Ice            0%         1d3       91%         1
 Shock                    Conj/Air       0%         1d3       91%         1
 Ensorcelled Hibernation  Hex/Ice        0%         N/A       97%         2
 Wereblood                Tmut           0%         N/A       97%         2
 Dazzling Flash           Conj/Hex       0%         N/A       100%        3
 Frozen Ramparts          Ice            0%         1d1       100%        3
 Gell's Gravitas          Tloc           0%         N/A       100%        3
 Inner Flame              Hex/Fire       0%         N/A       100%        3
 Spider Form              Tmut/Pois      0%         N/A       100%        3
 Summon Guardian Golem    Hex/Summ       0%         N/A       100%        3
 Teleport Other           Tloc           0%         N/A       100%        3
 Airstrike                Air            0%         2d(0-16)  100%        4
 Anguish                  Hex/Necr       0%         N/A       100%        4
 Cause Fear               Hex            0%         N/A       100%        4
 Hailstorm                Conj/Ice       0%         3d3       100%        4
 Iskenderun's Mystic Bla  Conj/Tloc      0%         2d3       100%        4
 Dispersal                Tloc           0%         N/A       100%        6
 Starburst                Conj/Fire      0%         6d3       100%        6
 Orb of Destruction       Conj           0%         9d5       100%        7
 Spellforged Servitor     Conj/Summ      0%         N/A       100%        7
 Borgnjor's Revivificati  Necr           0%         N/A       100%        8
 Discord                  Hex            0%         N/A       100%        8
 Blink                    Tloc           Unusable   N/A       N/A         2
 Swiftness                Air            Unusable   N/A       N/A         3

Dungeon Overview and Level Annotations

Branches:
Dungeon (12/15)            Temple (1/1) D:7            Lair (0/5) D:11
    Orc (0/2) D:9         Ossuary (visited)

Altars:
Ashenzari
Cheibriados
Dithmenos
Elyvilon
Fedhas
Gozag
Hepliaklqana
Kikubaaqudgha
Makhleb
Nemelex Xobeh
Okawaru
Qazlal
Ru
Sif Muna
Trog
Uskayaw
Vehumet
Wu Jian
Xom
Yredelemnul
Zin
The Shining One

Shops:
D:9 (


Innate Abilities, Weirdness & Mutations

You cannot be hasted, slowed, berserked, paralysed or teleported.
You can dig through walls and to a lower floor.
You have a pair of large antennae on your head. (SInv)
Your four strong arms can wield two-handed weapons with a shield.


Message History

You block the five-headed hydra's attack.
The five-headed hydra bites you but does no damage.
You block the five-headed hydra's attack.
The five-headed hydra bites you!
* * * LOW HITPOINT WARNING * * *
The five-headed hydra misses you.
You block the five-headed hydra's attack.
The five-headed hydra bites you but does no damage.
The five-headed hydra barely misses you.
You puncture the five-headed hydra!
The five-headed hydra is severely wounded.
You block the five-headed hydra's attack.
The five-headed hydra bites you but does no damage.
You block the five-headed hydra's attack.
The five-headed hydra closely misses you.
The five-headed hydra bites you!
* * * LOW HITPOINT WARNING * * *
[a] - 192 gold - heal wounds and curing [b] - 100 gold - heal wounds [c] - 392 gold - resistance and might Purchase which effect?
You feel much better.
You feel better. The five-headed hydra bites you!
You block the five-headed hydra's attack.
The five-headed hydra bites you.
You block the five-headed hydra's attack.
The five-headed hydra bites you!
* * * LOW HITPOINT WARNING * * *
You thump the five-headed hydra!
The five-headed hydra is almost dead.
You block the five-headed hydra's attack. x2
The five-headed hydra bites you!
* * * LOW HITPOINT WARNING * * *
The five-headed hydra bites you!
* * * LOW HITPOINT WARNING * * *
The five-headed hydra bites you but does no damage.
The five-headed hydra bites you!
* * * LOW HITPOINT WARNING * * *
The five-headed hydra bites you!
You die...
Your body crumbles into a pile of gold.

# ##...#.....# #
#...##.....# #
##...##.....# #
#...###.....# # ##...#
#.. ## # ##...## #..##.
# ##...## #.... #
##...## #..D# # ##...##
#(.@###### # #...##
#........# ###...#
#..#####.# ##...## #.#
#.# ##...# ## #.#
#...## #.# #...# #.#
#...###### #.#
.......#.############.#


You could see a five-headed hydra.

Vanquished Creatures
  A hydra (D:7)
  A boulder beetle (D:12)
  4 two-headed ogres
  2 deep elf pyromancers (D:12)
  Pikel (D:4)
  A manticore (D:12)
  2 cyclopes (D:7)
  A gargoyle (D:12)
  Psyche (D:9)
  2 kobold demonologists (D:12)
  6 trolls
  Sigmund (D:2)
  3 wyverns (D:11)
  24 yaks
  2 shadows (D:8)
  2 wraiths (D:10)
  8 vampire mosquitoes
  A basilisk (D:11)
  2 steam dragons
  Menkaure (D:4)
  2 acid dragons (D:11)
  7 orc warriors
  4 water moccasins
  An ice beast (D:5)
  3 ogres
  2 centaurs
  4 kobold brigands
  Blork the orc (D:6)
  5 bullfrogs
  A necrophage (D:5)
  A gnoll sergeant (D:9)
  3 elf skeletons (D:4)
  2 scorpions
  9 wights
  4 killer bees (D:10)
  5 electric eels (D:7)
  5 orc priests
  A jelly (D:7)
  6 hounds
  A human zombie (D:4)
  3 iguanas
  11 orc wizards
  4 mummies (Ossuary)
  7 gnolls
  7 adders
  2 shadow imps
  3 ufetubi
  3 worms
  3 dart slugs
  49 orcs
  10 endoplasms
  3 giant cockroaches
  3 gnoll zombies (Ossuary)
  13 goblins
  9 hobgoblins
  4 jackals
  7 quokkas
  5 ball pythons
  8 bats
  5 frilled lizards
  6 gnoll skeletons (Ossuary)
  3 goblin skeletons (Ossuary)
  3 goblin zombies (Ossuary)
  4 hobgoblin skeletons (Ossuary)
  6 hobgoblin zombies (Ossuary)
  39 kobolds
  5 kobold skeletons (Ossuary)
  8 kobold zombies (Ossuary)
  6 orc skeletons
  3 orc zombies (Ossuary)
  11 rats
  3 rat skeletons (Ossuary)
  2 rat zombies (Ossuary)
391 creatures vanquished.

Vanquished Creatures (others)
  A kobold (D:12)
  2 fungi (D:11)
  28 plants
31 creatures vanquished.

Grand Total: 422 creatures vanquished

Notes
Turn   | Place    | Note
-------+----------+-------------------------------------------
     0 | D:1      | Descartes the Formicid Fighter began the quest for the Orb.
     0 | D:1      | Reached XP level 1. HP: 18/18 MP: 1/1
   249 | D:1      | Reached XP level 2. HP: 22/24 MP: 2/2
   620 | D:1      | Reached XP level 3. HP: 27/29 MP: 3/3
   646 | D:1      | Found a faded altar of an unknown god.
  1405 | D:2      | Noticed Sigmund
  1413 | D:2      | Killed Sigmund
  1414 | D:2      | Reached skill level 5 in Shields
  1414 | D:2      | Reached XP level 4. HP: 35/38 MP: 4/4
  1414 | D:2      | Reached XP level 5. HP: 40/43 MP: 5/5
  1414 | D:2      | Reached XP level 6. HP: 46/49 MP: 6/6
  1952 | D:3      | Found an iron altar of Okawaru.
  1953 | D:3      | Found an ornate altar of the Wu Jian Council.
  2472 | D:3      | Found a glowing golden altar of the Shining One.
  2525 | D:3      | Found a transporter.
  2563 | D:3      | Found a transporter.
  2792 | D:3      | Got the Secrets of Hyperbolic Darkness
  2879 | D:4      | Noticed Pikel
  2910 | D:4      | Reached XP level 7. HP: 52/55 MP: 7/7
  2918 | D:4      | Killed Pikel
  2919 | D:4      | Reached skill level 5 in Fighting
  2919 | D:4      | Reached skill level 5 in Armour
  2919 | D:4      | Reached skill level 7 in Shields
  2919 | D:4      | Reached XP level 8. HP: 53/62 MP: 8/8
  3016 | D:4      | Reached skill level 5 in Axes
  3030 | D:4      | Found a sand-covered staircase.
  3035 | Ossuary  | Entered an ossuary
  3594 | D:4      | Found a burning altar of Makhleb.
  3609 | D:4      | Reached skill level 8 in Shields
  3761 | D:4      | Found a sacrificial altar of Ru.
  4007 | D:4      | Noticed Menkaure
  4010 | D:4      | Killed Menkaure
  4356 | D:5      | Entered Level 5 of the Dungeon
  4368 | D:5      | Reached XP level 9. HP: 58/68 MP: 9/9
  4455 | D:5      | Found an ancient bone altar of Kikubaaqudgha.
  4850 | D:5      | Reached skill level 9 in Shields
  4949 | D:5      | Identified the +6 long sword of the Tired Stars {freeze,
                  | *Rage rElec rN+}
  5287 | D:5      | Found a radiant altar of Vehumet.
  5748 | D:6      | Noticed Blork the orc
  5754 | D:6      | Killed Blork the orc
  6290 | D:7      | Noticed a five-headed hydra
  6300 | D:7      | Killed a six-headed hydra
  6301 | D:7      | Reached skill level 10 in Shields
  6301 | D:7      | Reached XP level 10. HP: 16/74 MP: 10/10
  6824 | D:7      | Found a staircase to the Ecumenical Temple.
  6833 | Temple   | Entered the Ecumenical Temple
  6833 | Temple   | Found a transporter.
  6833 | Temple   | Found a transporter.
  6835 | Temple   | Found a transporter.
  6835 | Temple   | Found a transporter.
  7041 | D:7      | Noticed a cyclops
  7041 | D:7      | Noticed a cyclops
  7572 | D:7      | Killed a cyclops
  7573 | D:7      | Reached skill level 11 in Shields
  7578 | D:7      | Killed a cyclops
  7741 | D:8      | Noticed a two-headed ogre
  7750 | D:8      | Killed a two-headed ogre
  7751 | D:8      | Reached skill level 5 in Long Blades
  7751 | D:8      | Reached skill level 10 in Armour
  8260 | D:7      | Reached skill level 12 in Shields
  8465 | D:8      | Reached XP level 11. HP: 61/79 MP: 11/11
  8590 | D:8      | Noticed a two-headed ogre
  8598 | D:8      | Killed a two-headed ogre
  9035 | D:8      | Identified the +1 cloak of the Pit {Rampage rF++ Str-4
                  | Stlth+}
  9303 | D:9      | Noticed a two-headed ogre
  9319 | D:9      | Killed a two-headed ogre
  9320 | D:9      | Reached skill level 13 in Shields
 10232 | D:9      | Found a staircase to the Orcish Mines.
 10464 | D:9      | Found Fuarag's Weapon Emporium.
 10497 | D:9      | Noticed Psyche
 10504 | D:9      | Killed Psyche
 11153 | D:10     | Entered Level 10 of the Dungeon
 11217 | D:10     | Found an opulent altar of Gozag.
 11249 | D:10     | Found an opulent altar of Gozag.
 11257 | D:10     | Found an opulent altar of Gozag.
 11262 | D:10     | Became a worshipper of Gozag Ym Sagoz the Greedy
 11347 | D:10     | Found a shadowy altar of Dithmenos.
 11491 | D:10     | Reached XP level 12. HP: 64/83 MP: 12/12
 11669 | D:10     | Reached skill level 14 in Shields
 11877 | D:10     | Found an opulent altar of Gozag.
 11982 | D:10     | Found a hide-covered altar of Uskayaw.
 11983 | D:10     | Found a white marble altar of Elyvilon.
 12151 | D:10     | Identified the +7 halberd of Vaut {elec, Stlth+}
 12349 | D:11     | Reached skill level 1 in Polearms
 12414 | D:11     | Found a staircase to the Lair.
 12438 | D:11     | Noticed a five-headed hydra
 12807 | D:11     | Found a broken altar of Ashenzari.
 13353 | D:12     | Noticed a two-headed ogre
 13361 | D:12     | Killed a two-headed ogre
 13507 | D:12     | Noticed a sun demon
 13584 | D:12     | Reached skill level 15 in Shields
 13961 | D:12     | Noticed a boulder beetle
 13978 | D:12     | Killed a boulder beetle
 14179 | D:12     | Reached XP level 13. HP: 91/91 MP: 13/13
 14267 | D:12     | Noticed a five-headed hydra
 14279 | D:12     | HP: 4/91 [five-headed hydra (7)]
 14279 | D:12     | Mangled by a five-headed hydra

Illustrated notes

Levels and vault maps discovered:
D:1:      dpeg_arrival_round_a, layout_basic,
          shapermc_ecumenical_altar_mp_ritualfount
D:2:      layout_basic, minmay_joined_circles, uniq_sigmund
D:3:      layout_basic, gammafunk_temple_overflow_arena, amcnicky_altar_gilded,
          st_stairs_9
D:4:      layout_cave_pools, nicolae_ru_sacrificial_ziggurat,
          mainiacjoe_overflow_alcove_1, nicolae_ossuary_entry_catacombs,
          serial_bayou, serial_bayou_crossing, serial_bayou_shore_b,
          serial_bayou_pond_d, serial_bayou_pond_e, serial_bayou_shore_a,
          serial_bayou_lagoon_b, hangedman_decor_riveting,
          kennysheep_small_square, uniq_menkaure, uniq_pikel
D:5:      layout_layer_cave, grunt_temple_overflow_open
D:6:      layout_gridville, uniq_blork_the_orc
D:7:      layout_cave_pods, minmay_temple_entry_mini_moons, grunt_ministairs_10,
          chequers_big_river, minmay_misc_feat_more_columns,
          small_statue_intersection, lightli_corner_chamber
D:8:      layout_cave_pools, nrook_campfire, grunt_ministairs_4, fountainhead
D:9:      kennysheep_blocky_hall, layout_loops_corners, david_orc_5,
          serial_shops, nicolae_inconvenience_store, lightli_fourway_metalbox,
          uniq_psyche
D:10:     layout_roguey, chequers_temple_overflow_statue_of_worship,
          nicolae_gozag_conspicuous_consumption,
          nicolae_dithmenos_shadow_blocks, serial_curves, eino_curves_04,
          eino_curves_02, eino_curves_04
D:11:     layout_loops_ring, minmay_lair_entry_grove, evilmike_ruin_ashenzari
D:12:     layout_basic, serial_curves, eino_curves_01, eino_curves_02, uniq_urug
Temple:   hellmonk_temple_divided_pantheon

Skill      XL: |  1  2  3  4  5  6  7  8  9 10 11 12 |
---------------+-------------------------------------+-----
Fighting       | 4 5 |  5.0
Axes           | 3 4 6 7 |  7.0
Armour         | 4 5 7 8 10 11 12 | 12.9
Shields        | 5 7 8 10 12 13 15 | 15.2
Long Blades    | 2 5 7 9 |  9.3
Polearms       | 4 |  4.4

Action                   |  1- 3 |  4- 6 |  7- 9 | 10-12 | 13-15 || total
-------------------------+-------+-------+-------+-------+-------++-------
Melee: War axe           |    87 |   109 |   297 |       |       ||   493
       Flail             |       |       |     7 |       |       ||     7
       Long sword        |       |       |     5 |   421 |       ||   426
       Halberd           |       |       |       |   163 |     9 ||   172
       Morningstar       |       |       |       |       |     9 ||     9
Invok: Potion Petition   |       |       |       |       |     1 ||     1
 Abil: Dig               |       |       |       |     2 |       ||     2
  Use: Scroll            |       |     7 |       |       |       ||     7
 Stab: Distracted        |       |       |       |     3 |       ||     3
Armor: Scale mail        |    44 |    35 |       |    67 |    16 ||   162
       Chain mail        |       |    10 |    24 |       |       ||    34
       Plate armour      |       |       |    79 |    69 |       ||   148
Dodge: Dodged            |    44 |    61 |   103 |   177 |    13 ||   398
Block: Buckler           |    22 |    53 |   143 |   193 |       ||   411
       Reflection        |       |     1 |     4 |    16 |       ||    21
       Tower shield      |       |       |       |   285 |    42 ||   327
